 Dungeon Crawl Stone Soup version 0.20.1-1-g8b1a95d (webtiles) character file.

95 equalderp2856 the Covered (level 4, -2/40 HPs)
             Began as a Minotaur Fighter on Sept 22, 2017.
             Slain by an orc warrior
             ... wielding a +0 short sword
              (18 damage)
             ... on level 3 of the Dungeon.
             The game lasted 00:03:33 (2222 turns).

equalderp2856 the Covered (Minotaur Fighter)        Turns: 2222, Time: 00:03:33

Health: -2/40      AC:  8    Str: 21    XL:     4   Next: 39%
Magic:  3/3        EV:  7    Int:  5    God:
Gold:   104        SH:  9    Dex: 10    Spells: 3/3 levels left

rFire    . . .     SeeInvis .   a - +0 war axe
rCold    . . .     Gourm    .   c - +0 shield
rNeg     . . .     Faith    .   b - +0 scale mail
rPois    .         Spirit   .   (helmet restricted)
rElec    .         Reflect  .   (no cloak)
rCorr    .         Harm     .   (no gloves)
MR       .....                  g - +0 pair of boots
Stlth    ..........             (no amulet)
Regen    0.2/turn               (no ring)
MPRegen  0.1/turn               (no ring)

@: no status effects
A: retaliatory headbutt, horns 2
a: no special abilities


You were on level 3 of the Dungeon.
You were not hungry.

You visited 1 branch of the dungeon, and saw 3 of its levels.

You collected 104 gold pieces.

Inventory:

Hand Weapons
 a - a +0 war axe (weapon)
Armour
 b - a +0 scale mail (worn)
 c - a +0 shield (worn)
 g - a +0 pair of boots (worn)
Jewellery
 l - an uncursed ring of protection from fire {unknown}
 n - an uncursed amulet of rage {unknown}
Scrolls
 e - a scroll of remove curse {unknown}
 i - 3 scrolls of identify
 o - a scroll of enchant armour {unknown}
Potions
 d - a potion of might
 k - a potion of invisibility {unknown}
 m - a potion of flight {unknown}
 p - 2 potions of haste {unknown}
 r - a potion of berserk rage {unknown}
Comestibles
 f - 4 bread rations
 h - 4 fruits
 j - 3 royal jellies
 q - a chunk of flesh


   Skills:
 + Level 4.2 Fighting
 + Level 3.4 Axes
 + Level 4.6 Armour
 + Level 4.4 Shields


You had 3 spell levels left.
You didn't know any spells.

Dungeon Overview and Level Annotations

Branches:
Dungeon (3/15)

Altars:
Hepliaklqana
Yredelemnul
Zin


Innate Abilities, Weirdness & Mutations

You reflexively headbutt those who attack you in melee.
You have a pair of horns on your head.


Message History

The orc warrior hits you but does no damage.
You see here a club.
You slash the orc warrior!
The orc warrior is heavily wounded.
You block the orc warrior's attack.
You barely miss the orc warrior.
The orc warrior is heavily wounded.
The orc warrior hits you with a short sword!
You hit the orc warrior but do no damage.
The orc warrior is heavily wounded.
The orc warrior hits you but does no damage.
The orc warrior barely misses you.
You closely miss the orc warrior.
The orc warrior is heavily wounded.
The orc warrior closely misses you.
You hit the orc warrior. Your headbutt misses the orc warrior.
The orc warrior is heavily wounded.
The orc warrior hits you with a short sword!
The orc warrior hits you with a short sword!!
You die...

### #......## ..#
#.......# #.#
.......# #.# #
......# +###.##
#.#....# _+....##
#..oo..# +#
#...###### #(# .#
#...##...#######.#
.###...##.#..(((@o{o#
............#########
#....#.######
..#.##.#######
.............#
.##.########.# .##.#
.##.# ....#


You could see an orc warrior and an orc.

Vanquished Creatures
  2 adders (D:2)
  4 worms
  2 dart slugs (D:1)
  3 leopard geckos
  An orc (D:3)
  3 giant cockroaches
  10 goblins
  6 hobgoblins
  8 kobolds
  5 bats
  7 frilled lizards
  7 rats (D:1)
58 creatures vanquished.

Vanquished Creatures (others)
  4 toadstools (D:1)
4 creatures vanquished.

Grand Total: 62 creatures vanquished

Notes
Turn   | Place    | Note
-------+----------+-------------------------------------------
     0 | D:1      | equalderp2856 the Minotaur Fighter began the quest for the Orb.
     0 | D:1      | Reached XP level 1. HP: 19/19 MP: 0/0
   398 | D:1      | Reached XP level 2. HP: 18/27 MP: 1/1
   758 | D:1      | Reached XP level 3. HP: 28/33 MP: 2/2
  1326 | D:2      | Found a glowing silver altar of Zin.
  1604 | D:2      | Reached XP level 4. HP: 22/40 MP: 3/3
  2127 | D:3      | Found a basalt altar of Yredelemnul.
  2144 | D:3      | Found a hazy altar of Hepliaklqana.
  2202 | D:3      | Noticed an orc warrior
  2222 | D:3      | Slain by an orc warrior

Skill      XL: |  1  2  3 |
---------------+----------+-----
Shields        | 4 |  4.4
Armour         | 4 |  4.6
Fighting       | 4 |  4.2
Axes           | 3 |  3.4

Action                   |  1- 3 |  4- 6 || total
-------------------------+-------+-------++-------
Melee: War axe           |    96 |    27 ||   123
       Headbutt          |    12 |     5 ||    17
  Use: Scroll            |     1 |       ||     1
       Potion            |     1 |       ||     1
  Eat: Chunk             |     2 |     2 ||     4
Armor: Scale mail        |    62 |    10 ||    72
Dodge: Dodged            |    35 |     4 ||    39
Block: Shield            |    79 |    17 ||    96
